 Dungeon Crawl Stone Soup version 0.23.2-1-ga50397a6bc (webtiles) character file.

Game seed: 6739214682938017424

393 Mrkan the Cudgeler (level 6, -3/56 HPs)
             Began as a Minotaur Fighter on May 14, 2019.
             Slain by an ogre
             ... wielding a +0 giant club
              (28 damage)
             ... on level 4 of the Dungeon.
             The game lasted 00:03:36 (2251 turns).

Mrkan the Cudgeler (Minotaur Fighter)               Turns: 2251, Time: 00:03:37

Health: -3/56      AC:  7    Str: 20    XL:     6   Next: 51%
Magic:  5/5        EV:  7    Int:  7    God:
Gold:   265        SH:  9    Dex: 10    Spells: 5/5 levels left

rFire    . . .     SeeInvis .   a - +0 flail
rCold    . . .     Gourm    .   c - +0 shield
rNeg     . . .     Faith    .   b - +0 scale mail
rPois    .         Spirit   .   (helmet restricted)
rElec    .         Reflect  .   (no cloak)
rCorr    .         Harm     .   (no gloves)
MR       .....                  (no boots)
Stlth    ..........             (no amulet)
HPRegen  0.18/turn              (no ring)
MPRegen  0.09/turn              (no ring)

@: no status effects
A: retaliatory headbutt, horns 2
a: no special abilities


You were on level 4 of the Dungeon.
You were very hungry.

You visited 1 branch of the dungeon, and saw 4 of its levels.

You collected 265 gold pieces.

Inventory:

Hand Weapons
 a - a +0 flail (weapon)
Armour
 b - a +0 scale mail (worn)
 c - a +0 shield (worn)
 k - a +0 pair of gloves
Scrolls
 e - 4 scrolls of teleportation {unknown}
 g - 3 scrolls of amnesia {unknown}
 h - a scroll of remove curse {unknown}
 i - 2 scrolls of magic mapping {unknown}
 n - a scroll of blinking {unknown}
 o - 3 scrolls of identify {unknown}
 q - a scroll of enchant weapon {unknown}
Potions
 d - a potion of might
 j - 2 potions of ambrosia {unknown}
 l - a potion of mutation {unknown}
 m - a potion of lignification {unknown}
 p - 2 potions of haste {unknown}
Comestibles
 f - 4 rations


   Skills:
 + Level 5.1 Fighting
 * Level 5.6 Maces & Flails
 + Level 5.0 Armour
 + Level 5.1 Shields


You had 5 spell levels left.
You didn't know any spells.
Your spell library was empty.

Dungeon Overview and Level Annotations

Branches:
Dungeon (4/15)
 Temple: D:4-7

Altars:
Ashenzari
Elyvilon

Annotations:
D:3 2 transporters


Innate Abilities, Weirdness & Mutations

You reflexively headbutt those who attack you in melee.
You have a pair of horns on your head.


Message History

You climb downwards.
An ogre comes into view. It is wielding a +0 giant club.
The ogre shouts!
Found a ration and a scroll labeled XUVVALYNOIL.
Found an escape hatch in the floor.
Found a stone staircase leading up.
There is a stone staircase leading up here.
You sock the ogre! You headbutt the ogre.
The ogre is heavily wounded.
The ogre hits you with a +0 giant club!!
You hit the ogre.
The ogre is severely wounded.
Your scale mail prevents you from hitting the ogre.
You headbutt the ogre.
The ogre is almost dead.
The ogre hits you with a +0 giant club!
You completely miss the ogre.
The ogre is almost dead.
The ogre hits you with a +0 giant club!!
Ouch! That really hurt!
You die...

. .....##.. ..
..<...... ...
......... ....
#.......P .....
##.......♣
......#........♣
.......<......P.
..........##..P
..?....%..@#
##.......O##
#>........
........###.
.....#... ..
#....###. .. ...
###


You could see an ogre.

Vanquished Creatures
  An ice beast (D:3)
  An ogre (D:3)
  A bullfrog (D:3)
  The ghost of TheAraber the Firebug, a weakling OpFE (D:3)
  5 adders (D:3)
  An ooze (D:3)
  An adder skeleton (D:2)
  3 worms (D:3)
  A dart slug (D:1)
  A leopard gecko (D:2)
  2 orcs (D:3)
  2 ball pythons
  2 giant cockroaches
  9 goblins
  8 hobgoblins
  2 jackals (D:2)
  8 kobolds
  A quokka (D:3)
  2 bats
  3 frilled lizards
  5 rats
60 creatures vanquished.

Notes
Turn   | Place    | Note
-------+----------+-------------------------------------------
     0 | D:1      | Mrkan the Minotaur Fighter began the quest for the Orb.
     0 | D:1      | Reached XP level 1. HP: 19/19 MP: 0/0
    79 | D:1      | Reached XP level 2. HP: 27/27 MP: 1/1
   673 | D:2      | Reached XP level 3. HP: 32/33 MP: 2/2
   800 | D:2      | Found a shattered altar of Ashenzari.
  1229 | D:3      | Found a transporter.
  1243 | D:3      | Found a transporter.
  1278 | D:3      | Noticed a bullfrog
  1279 | D:3      | Found a runed translucent door.
  1313 | D:3      | Reached XP level 4. HP: 40/40 MP: 3/3
  1374 | D:3      | Noticed an ice beast
  1383 | D:3      | Killed an ice beast
  1383 | D:3      | Reached XP level 5. HP: 36/47 MP: 4/4
  1520 | D:3      | Found a white marble altar of Elyvilon.
  1521 | D:3      | Noticed an ogre
  1529 | D:3      | Killed an ogre
  1529 | D:3      | Reached skill level 5 in Maces & Flails
  1531 | D:3      | Reached XP level 6. HP: 5/55 MP: 5/5
  1855 | D:3      | Noticed TheAraber's ghost (weakling OpFE)
  1862 | D:3      | Reached skill level 5 in Fighting
  1862 | D:3      | Reached skill level 5 in Armour
  1862 | D:3      | Reached skill level 5 in Shields
  1874 | D:3      | Killed TheAraber's ghost
  2251 | D:4      | Slain by an ogre

Skill      XL: |  1  2  3  4  5  6 |
---------------+-------------------+-----
Maces & Flails | 3 4 5 |  5.6
Armour         | 4 5 |  5.0
Shields        | 4 5 |  5.1
Fighting       | 4 5 |  5.1

Action                   |  1- 3 |  4- 6 || total
-------------------------+-------+-------++-------
Melee: Flail             |   109 |    62 ||   171
       Headbutt          |    17 |    14 ||    31
  Eat: Chunk             |     1 |     2 ||     3
Armor: Scale mail        |    39 |    33 ||    72
Dodge: Dodged            |    27 |    27 ||    54
Block: Shield            |    67 |    34 ||   101
